 Dungeon Crawl Stone Soup version 0.30.0-29-ga12c61a403 (webtiles) character file.

Game seed: 9714633400036698150

12 ChrisAssaf the Gusty (level 2, -1/20 HPs)
             Began as a Draconian Air Elementalist on June 3, 2023.
             Slain by an adder (4 damage)
             ... on level 2 of the Dungeon.
             The game lasted 00:01:52 (388 turns).

ChrisAssaf the Gusty (Draconian Air Elementalist)    Turns: 388, Time: 00:01:52

Health: -1/20      AC:  4    Str: 10    XL:     2   Next: 20%
Magic:  0/5        EV: 12    Int: 15    God:
Gold:   0          SH:  0    Dex: 11    Spells: 2/5 levels left

rFire   . . .        a - +0 short sword
rCold   . . .        (no shield)
rNeg    . . .        (body armour unavailable)
rPois   .            (helmet restricted)
rElec   .            (no cloak)
rCorr   .            (no gloves)
SInv    .            (no boots)
Will    .....        (no amulet)
Stlth   ++           (no ring)
HPRegen 0.23/turn    (no ring)
MPRegen 0.09/turn

%: no passive effects
@: very slightly contaminated
A: AC +4, unfitting armour, cold-blooded
a: no special abilities


You were on level 2 of the Dungeon.
You visited 1 branch of the dungeon, and saw 2 of its levels.

Inventory:

Hand Weapons
 a - a +0 short sword (weapon)


   Skills:
 * Level 0.2 Fighting
 * Level 0.5 Short Blades
 * Level 1.9 Dodging
 * Level 1.8 Stealth
 * Level 2.1 Spellcasting
 * Level 1.2 Conjurations
 * Level 3.2 Air Magic


You had 2 spell levels left.
You knew the following spells:

 Your Spells              Type           Power      Damage    Failure   Level
a - Shock                 Conj/Air       32%        1d5       9%          1
b - Static Discharge      Conj/Air       16%        2-3/arc   14%         2

Your spell library contained the following spells:

 Spells                   Type           Power      Damage    Failure   Level
 Swiftness                Air            11%        N/A       17%         3
 Airstrike                Air            5%         2d(1-17)  50%         4
 Summon Lightning Spire   Summ/Air       6%         N/A       75%         4
 Storm Form               Tmut/Air       3%         N/A       100%        7
 Maxwell's Capacitive Co  Air            5%         ∞         100%        8


Dungeon Overview and Level Annotations

Branches:
Dungeon (2/15)

Altars:


Innate Abilities, Weirdness & Mutations

Your plain brown scales are hard. (AC +4)
You cannot fit into any form of body armour.
You are cold-blooded and may be slowed by cold attacks.


Message History

The adder bites you but does no damage.
You feel sick. The adder bites you but does no damage.
The ball python misses you. The ball python closely misses you.
The ball python attacks as you move away!
The ball python misses you. The ball python barely misses you.
You feel sick.
You are no longer poisoned.
Casting: Static Discharge (safe; 14% risk of failure)
Confirm with . or Enter, or press ? or * to list all spells.
Aiming: Shock (safe; 9% risk of failure)
Press: ? - help, Shift-Dir - straight line That beam is likely to hit you.
Continue anyway?
The zap hits the adder.
The adder is heavily wounded.
The zap hits the ball python.
The ball python is heavily wounded.
The zap hits the ball python.
The ball python is severely wounded.
The zap hits the adder.
The adder is almost dead.
The zap hits you.
* * * LOW HITPOINT WARNING * * *
The adder closely misses you.
Unknown command.
The ball python attacks as you move away!
The ball python bites you but does no damage.
The adder bites you but does no damage. x2
There is a stone staircase leading up here.
The adder attacks as you move away! The adder barely misses you.
The ball python attacks as you move away!
The ball python misses you. The ball python closely misses you.
You hit the ball python but do no damage.
The ball python is severely wounded.
The ball python misses you. The ball python grabs you.
The ball python constricts you.
* * * LOW HITPOINT WARNING * * *
The ball python loses its grip on you.
You closely miss the adder.
Your tail-slap misses the adder.
The adder is almost dead.
The adder bites you.
You die...

..### ..#.. #
##.#.# #.
#..#.#
J)#..#.#
...#@# #
#.#S#.##
#$.S...#
+............#
#....#######.#
.... .# ### #


You could see an adder and a ball python.

Vanquished Creatures
  2 endoplasms (D:1)
  A giant cockroach (D:1)
  A goblin (D:1)
  2 hobgoblins (D:1)
  A quokka (D:1)
  A bat (D:1)
  2 kobolds (D:1)
10 creatures vanquished.

Notes
Turn   | Place    | Note
-------+----------+-------------------------------------------
     0 | D:1      | ChrisAssaf the Draconian Air Elementalist began the quest
                  | for the Orb.
     0 | D:1      | Reached XP level 1. HP: 14/14 MP: 3/3
   278 | D:1      | Reached XP level 2. HP: 20/20 MP: 0/5
   281 | D:1      | Learned a level 2 spell: Static Discharge
   388 | D:2      | Slain by an adder

Illustrated notes

Levels and vault maps discovered:
D:1:      nicolae_arrival_washed_ashore, layout_basic
D:2:      layout_basic, minmay_pentomino_r2

Action                     || total
---------------------------++-------
  Melee: Short sword       ||    11
         Tailslap          ||     1
   Cast: Shock             ||    17
         Static Discharge  ||     3
    Use: Potion            ||     1
   Stab: Sleeping          ||     1
 Armour: Skin              ||    15
  Dodge: Dodged            ||    33
